 Dungeon Crawl Stone Soup version 0.30.1-4-g462c640d31 (webtiles) character file.

Game seed: 982000158042650293

1885 rvierbuc the Slasher (level 8, -11/50 (62) HPs)
             Began as a Demonspawn Gladiator on Aug 24, 2023.
             Killed from afar by Maggie (15 damage)
             ... with a bolt of fire
             ... on level 7 of the Dungeon.
             The game lasted 00:20:26 (5481 turns).

rvierbuc the Slasher (Demonspawn Gladiator)         Turns: 5481, Time: 00:20:26

HP:   -11/50 (62)   AC:  8    Str: 14    XL:     8   Next: 92%
MP:   3/12          EV: 13    Int: 10    God:
Gold: 319           SH:  0    Dex: 17    Spells: 8/13 levels left

rFire   . . .        a - +0 long sword
rCold   + . .        (no shield)
rNeg    . . .        b - +0 leather armour
rPois   .            c - +0 helmet
rElec   .            u - +2 cloak
rCorr   .            (no gloves)
SInv    .            (no boots)
Will    .....        (no amulet)
Stlth   ++           g - ring of protection from cold
HPRegen 0.28/turn    m - ring of wizardry
MPRegen 0.13/turn

%: wizardry (x1)
@: wereblooded (expiring), very slightly contaminated, heavily drained
A: rugged brown scales 1, powered by death 1, demonic magic 1, weakness stinger
2
a: no special abilities


You were on level 7 of the Dungeon.
You visited 1 branch of the dungeon, and saw 7 of its levels.

You collected 319 gold pieces.

Inventory:

Hand Weapons
 a - a +0 long sword (weapon)
 H - a +1 short sword of venom
Missiles
 d - a throwing net
 e - a javelin
 p - 28 poisoned darts (quivered)
Armour
 b - a +0 leather armour (worn)
 c - a +0 helmet (worn)
 h - a +0 ring mail
 k - a +0 scale mail
 l - a +0 chain mail
 u - a +2 cloak (worn)
 G - a +0 chain mail
Jewellery
 g - a ring of protection from cold (left hand)
 m - a ring of wizardry (right hand)
 x - a ring of ice
 D - a +6 ring of intelligence
Wands
 r - a wand of roots (13)
Scrolls
 j - 8 scrolls of teleportation
 o - 2 scrolls of immolation {unknown}
 q - 2 scrolls of enchant weapon {unknown}
 w - 2 scrolls of enchant armour {unknown}
 y - 2 scrolls of noise {unknown}
 B - a scroll of fear
 E - a scroll of amnesia
 F - a scroll of brand weapon
Potions
 f - 2 potions of haste {unknown}
 i - a potion of lignification
 n - a potion of attraction {unknown}
 s - 2 potions of curing
 t - a potion of flight
 v - a potion of degeneration {unknown}
 z - 3 potions of heal wounds
 A - a potion of mutation {unknown}
 C - a potion of magic {unknown}


   Skills:
 + Level 4.7 Fighting
 + Level 7.2 Long Blades
 + Level 2.2 Throwing
 + Level 3.3 Armour
 + Level 4.1 Dodging
 + Level 1.6 Stealth
 - Level 3.0 Spellcasting
 + Level 0.6 Necromancy
 - Level 3.0 Transmutations


You had 8 spell levels left.
You knew the following spells:

 Your Spells              Type           Power      Damage    Failure   Level
a - Wereblood             Tmut           7%         N/A       6%          2
b - Vampiric Draining     Necr           2%         2d6       32%         3

Your spell library contained the following spells:

 Spells                   Type           Power      Damage    Failure   Level
 Slow                     Hex            4%         N/A       14%         1
 Sublimation of Blood     Necr           2%         N/A       16%         2
 Confusing Touch          Hex            1%         N/A       38%         3
 Summon Hydra             Summ           0%         N/A       100%        7


Dungeon Overview and Level Annotations

Branches:
Dungeon (7/15)             Temple (0/1) D:5

Altars:
Uskayaw
Vehumet
Xom

Shops:
D:5 !

Annotations:
D:2 1 runed translucent door, Crazy Yiuf
D:7 Maggie


Innate Abilities, Weirdness & Mutations

You are partially covered in rugged brown scales. (AC +1, +3% HP)
You regenerate a little health from kills.
Spells you cast may paralyse adjacent enemies.
You have a tail ending in a sharp stinger.


Message History

Maggie points at you and mumbles some strange words.
The bolt of fire hits you!
Casting: Vampiric Draining (dangerous; 32% risk of failure)
Confirm with . or Enter, or press ? or * to list all spells.
Aiming: Vampiric Draining (dangerous; 32% risk of failure)
Press: ? - help, Shift-Dir - straight line, f/p - Maggie
Aim: Maggie, wielding a +0 long sword of draining and wearing +0 swamp dragon scales (severely wounded)
You draw life force from Maggie.
You feel life coursing into your body. Malevolent energies surge around you.
Maggie hits you but does no damage.
You feel drained.
You hit Maggie.
Maggie is severely wounded.
Maggie shouts, "Leave me alone!"
Maggie closely misses you.
You slash Maggie!
Maggie is almost dead.
Maggie practices a pose.
Maggie gestures at you while chanting. The bolt of fire misses you.
You hit Maggie.
Maggie is almost dead.
Your primal bloodlust is almost over.
Maggie misses you.
You hit Maggie but do no damage.
Maggie is almost dead.
Maggie casts a spell at you. The bolt of fire hits you!
* * * LOW HITPOINT WARNING * * *
Casting: Vampiric Draining (dangerous; 32% risk of failure)
Confirm with . or Enter, or press ? or * to list all spells.
Aiming: Vampiric Draining (dangerous; 32% risk of failure)
Press: ? - help, Shift-Dir - straight line, f/p - Maggie
Aim: Maggie, wielding a +0 long sword of draining and wearing +0 swamp dragon scales (almost dead)
You miscast Vampiric Draining.
You are very lightly contaminated with residual magic.
Your flesh rots away!
You feel drained.
* * * LOW HITPOINT WARNING * * *
Maggie gestures at you while chanting. The bolt of fire hits you!
You die...

.### ###### ...###
#####..... #....##
###.........
##.....####...........
##.....#...##..........
#.......###............
#.....@.# ###..........
#......@## ###........
.##.......# ##........
..#......## ##.........
....##### ##....#.....
#....#
#######...####....
#..(.###........##
##... #............##
##.. ##...........##
##.


You could see Maggie.

Vanquished Creatures
  Grinder (D:3)
  A steam dragon (D:6)
  A black bear (D:6)
  2 ice beasts
  An ogre (D:5)
  2 phantoms
  2 kobold brigands
  2 scorpions
  A howler monkey (D:5)
  2 jellies
  An orc priest (D:4)
  6 hounds
  2 gnoll boudas
  4 iguanas
  Jessica (D:2)
  Ijyb (D:3)
  A sleepcap (D:6)
  Natasha (thrice) (D:2)
  7 gnolls
  3 adders
  A shadow imp (D:6)
  4 worms
  A dart slug (D:1)
  12 orcs
  6 bats
  5 endoplasms
  4 giant cockroaches
  6 goblins
  8 hobgoblins
  14 kobolds
  4 quokkas
  7 ball pythons
  2 rats (D:2)
118 creatures vanquished.

Notes
Turn   | Place    | Note
-------+----------+-------------------------------------------
     0 | D:1      | rvierbuc the Demonspawn Gladiator began the quest for the
                  | Orb.
     0 | D:1      | Reached XP level 1. HP: 16/16 MP: 1/1
    99 | D:1      | Reached skill level 3 in Long Blades
    99 | D:1      | Gained mutation: You regenerate a little health from kills.
                  | [demonic ancestry]
    99 | D:1      | Reached XP level 2. HP: 18/22 MP: 2/2
   646 | D:2      | Noticed Natasha
   653 | D:2      | Killed Natasha
   654 | D:2      | Gained mutation: Spells you cast may paralyse adjacent
                  | enemies. [demonic ancestry]
   654 | D:2      | Reached XP level 3. HP: 16/27 MP: 3/3
   768 | D:2      | Noticed Jessica
   781 | D:2      | Killed Jessica
   782 | D:2      | Reached skill level 1 in Armour
   782 | D:2      | Gained mutation: You have a small tail. [demonic ancestry]
   782 | D:2      | Reached XP level 4. HP: 34/34 MP: 4/4
   801 | D:2      | Learned a level 2 spell: Wereblood
   953 | D:2      | Found a runed translucent door.
   954 | D:2      | Noticed Crazy Yiuf
  1044 | D:2      | Noticed Natasha
  1058 | D:2      | Killed Natasha
  1059 | D:2      | Reached skill level 4 in Long Blades
  1059 | D:2      | Gained mutation: You have a tail ending in a sharp stinger.
                  | [demonic ancestry]
  1059 | D:2      | Reached XP level 5. HP: 18/39 MP: 5/5
  1278 | D:2      | Noticed Natasha
  1290 | D:2      | Killed Natasha
  1670 | D:3      | Found a hide-covered altar of Uskayaw.
  1736 | D:3      | Noticed Ijyb
  1750 | D:3      | Killed Ijyb
  1971 | D:3      | Noticed Grinder
  1998 | D:3      | Killed Grinder
  1999 | D:3      | Reached skill level 5 in Long Blades
  1999 | D:3      | Reached XP level 6. HP: 20/47 MP: 6/6
  2484 | D:4      | Gained mutation: You are partially covered in rugged brown
                  | scales. (AC +1, +3% HP) [demonic ancestry]
  2484 | D:4      | Reached XP level 7. HP: 27/53 MP: 5/7
  2490 | D:4      | You fall into a shaft and drop 2 floors!
  2588 | D:6      | Found a shimmering altar of Xom.
  2618 | D:6      | Reached skill level 1 in Spellcasting
  2618 | D:6      | Reached skill level 1 in Transmutations
  2851 | D:6      | Noticed a steam dragon
  2868 | D:6      | Killed a steam dragon
  3070 | D:5      | Entered Level 5 of the Dungeon
  3077 | D:5      | Reached skill level 6 in Long Blades
  3259 | D:4      | Reached XP level 8. HP: 61/61 MP: 10/10
  3400 | D:4      | Found a radiant altar of Vehumet.
  4274 | D:5      | Found a staircase to the Ecumenical Temple.
  4329 | D:5      | Reached skill level 1 in Stealth
  4463 | D:5      | Found Sekkiak's Distillery.
  4651 | D:6      | Learned a level 3 spell: Vampiric Draining
  4779 | D:6      | Reached skill level 7 in Long Blades
  5459 | D:7      | Noticed Maggie
  5481 | D:7      | Killed from afar by Maggie

Illustrated notes

Levels and vault maps discovered:
D:1:      kennysheep_arrival_forest, layout_rooms, hangedman_decor_growths
D:2:      layout_loops_cross, uniq_jessica, uniq_natasha,
          uniq_crazy_yiuf_cottage
D:3:      layout_loops_cross, mainiacjoe_overflow_alcove_1,
          kennysheep_generic_room_10, uniq_ijyb, uniq_grinder
D:4:      layout_loops_ring, minitemple, kennysheep_generic_room_3
D:5:      layout_loops_corners, minmay_temple_entry_drinking_statues,
          serial_shops, nicolae_shop_back_alley_shop,
          nicolae_concentric_dashed_squares_mild, grunt_ministairs_7
D:6:      layout_loops_ring, mainiacjoe_overflow_swirl, st_stairs_14
D:7:      cheibrodos_fertilizer, layout_cave_pods, uniq_maggie

Skill      XL: |  1  2  3  4  5  6  7  8 |
---------------+-------------------------+-----
Long Blades    | 3 4 5 6 7 |  7.2
Dodging        | 3 4 |  4.1
Armour         | 1 2 3 |  3.3
Throwing       | 2 |  2.2
Fighting       | 3 4 |  4.7
Spellcasting   | 1 3 |  3.0
Transmutations | 2 3 |  3.0
Stealth        | 1 |  1.6
Necromancy     | |  0.6

Action                     |  1- 3 |  4- 6 |  7- 9 || total
---------------------------+-------+-------+-------++-------
  Melee: Long sword        |    64 |   132 |   258 ||   454
         Tailslap          |       |    22 |    43 ||    65
         Punch             |       |     1 |     3 ||     4
  Throw: Throwing net      |     3 |     1 |       ||     4
         Dart              |       |     4 |     3 ||     7
   Cast: Wereblood         |       |     1 |    14 ||    15
         Vampiric Draining |       |       |     5 ||     5
    Use: Potion            |       |     1 |     5 ||     6
         Scroll            |       |       |     4 ||     4
   Stab: Paralysed         |       |       |     7 ||     7
         Sleeping          |       |       |     3 ||     3
 Armour: Ring mail         |    23 |       |       ||    23
         Scale mail        |     4 |    63 |       ||    67
         Skin              |       |     8 |    22 ||    30
         Leather armour    |       |     1 |    74 ||    75
  Dodge: Dodged            |    41 |    58 |   146 ||   245
